SKY
KANSAS CITY ROYALS @ COLORADO ROCKIES
03/20/2053
 
TOP OF THE 1ST
Kansas City Royals batting - Pitching for Colorado Rockies : LHP Iván Cruz
Pitching: LHP Iván Cruz
Batting: SHB Hadley Smart 0-0: Bunt missed!
0-1: Called Strike
0-2: Fly out, F5 (Popup, 15S, EV 43.8 MPH)
Batting: RHB Rusty Reffitt 0-0: Called Strike
0-1: Ground out 5-3 (Groundball, 56, EV 82.5 MPH)
Batting: RHB Clemente Simpson 0-0: Ball
1-0: Foul Ball, location: 2RF
1-1: Foul Ball, location: 2F
1-2: Ball
2-2: Ball
3-2: Strikes out swinging
Top of the 1st over - 0 runs, 0 hits, 0 errors, 0 left on base; Kansas City 0 - Colorado 0
BOTTOM OF THE 1ST
Colorado Rockies batting - Pitching for Kansas City Royals : RHP E.J. Rombough
Pitching: RHP E.J. Rombough
Batting: RHB Easton Shackelford 0-0: Fly out, F3 (Popup, 3SF, EV 80.0 MPH)
Batting: RHB Chollo Calzado 0-0: Called Strike
0-1: Swinging Strike
0-2: Strikes out swinging
Batting: SHB Anjawon Padfield 0-0: Ball
1-0: Ball
2-0: Called Strike
2-1: Fly out, F7 (Line Drive, 7, EV 90.6 MPH)
Bottom of the 1st over - 0 runs, 0 hits, 0 errors, 0 left on base; Kansas City 0 - Colorado 0
TOP OF THE 2ND
Kansas City Royals batting - Pitching for Colorado Rockies : LHP Iván Cruz
Batting: RHB Alexis Loya 0-0: Foul Ball, location: 3F
0-1: Called Strike
0-2: Foul Ball, location: 2F
0-2: Foul Ball, location: 2F
0-2: Ball
1-2: Ground out 1-3 (Groundball, 15S, EV 61.3 MPH)
Batting: RHB Keiran Coleman 0-0: Ball
1-0: Fly out, F8 (Line Drive, 89D, EV 98.8 MPH)
Batting: RHB Dilan Pérez 0-0: SINGLE (Flyball, 3D, EV 86.3 MPH)
Batting: RHB Evan Dankowski 0-0: Ball
1-0: SINGLE (Line Drive, 34D, EV 97.5 MPH)
Dilan Pérez to second
Runner from 2nd tries for 3rd, OUT! 9-5
Top of the 2nd over - 0 runs, 2 hits, 0 errors, 1 left on base; Kansas City 0 - Colorado 0
BOTTOM OF THE 2ND
Colorado Rockies batting - Pitching for Kansas City Royals : RHP E.J. Rombough
Batting: RHB Cal Lewis 0-0: Fly out, F7 (Line Drive, 78S, EV 98.1 MPH)
Batting: RHB Vic Soler 0-0: Ball
1-0: Ground out 5-3 (Groundball, 56S, EV 81.9 MPH)
Batting: RHB Henry Vandervort 0-0: Ball
1-0: Ground out 6-3 (Groundball, 56, EV 85.0 MPH)
Bottom of the 2nd over - 0 runs, 0 hits, 0 errors, 0 left on base; Kansas City 0 - Colorado 0
TOP OF THE 3RD
Kansas City Royals batting - Pitching for Colorado Rockies : LHP Iván Cruz
Batting: RHB Josef Horne 0-0: Ball
1-0: Fly out, F4 (Line Drive, 4M, EV 59.4 MPH)
Batting: RHB Isiah Crudup 0-0: Ball
1-0: Ball
2-0: Ball
3-0: Called Strike
3-1: Foul Ball, location: 2F
3-2: SINGLE (Groundball, 4D, EV 96.9 MPH)
Batting: SHB Hadley Smart 0-0: Ball
1-0: Ball
2-0: Called Strike
2-1: Called Strike
Isiah Crudup steals 2nd base
2-2: Strikes out looking
Batting: RHB Rusty Reffitt 0-0: Ground out 5-3 (Groundball, 56S, EV 68.1 MPH)
Top of the 3rd over - 0 runs, 1 hit, 0 errors, 1 left on base; Kansas City 0 - Colorado 0
BOTTOM OF THE 3RD
Colorado Rockies batting - Pitching for Kansas City Royals : RHP E.J. Rombough
Batting: RHB Jovanny Velasquez 0-0: Called Strike
0-1: Ball
1-1: SINGLE (Groundball, 4D, EV 101.9 MPH)
Batting: LHB Eric Ho 0-0: Called Strike
0-1: Grounds into double play, 4-6-3 (Groundball, 4, EV 98.8 MPH)
Batting: SHB Tony Strain 0-0: Called Strike
0-1: Ball
1-1: Ball
2-1: Ball
3-1: Base on Balls
Batting: RHB Easton Shackelford 0-0: Foul Ball, location: 2F
0-1: Ball
1-1: Ground out 1-3 (Groundball, 15S, EV 71.3 MPH)
Bottom of the 3rd over - 0 runs, 1 hit, 0 errors, 1 left on base; Kansas City 0 - Colorado 0
TOP OF THE 4TH
Kansas City Royals batting - Pitching for Colorado Rockies : LHP Iván Cruz
Batting: RHB Clemente Simpson 0-0: Called Strike
0-1: Swinging Strike
0-2: Foul Ball, location: 3FF
0-2: Ball
1-2: SINGLE (Groundball, 6MD, EV 94.4 MPH)
Batting: RHB Alexis Loya 0-0: Foul Ball, location: 2F
0-1: Ball
1-1: Called Strike
1-2: Fielders Choice at 2nd, 4-6 (Groundball, 4, EV 106.3 MPH)
Batting: RHB Keiran Coleman 0-0: Called Strike
0-1: Ball
Alexis Loya steals 2nd base
1-1: Fly out, F9 (Flyball, 89D, EV 89.4 MPH)
Batting: RHB Dilan Pérez 0-0: Swinging Strike
0-1: Called Strike
0-2: Foul Ball, location: 3FF
0-2: Ball
1-2: Strikes out swinging
Top of the 4th over - 0 runs, 1 hit, 0 errors, 1 left on base; Kansas City 0 - Colorado 0
BOTTOM OF THE 4TH
Colorado Rockies batting - Pitching for Kansas City Royals : RHP E.J. Rombough
Batting: RHB Chollo Calzado 0-0: Called Strike
0-1: Called Strike
0-2: Foul Ball, location: 5DF
0-2: Ball
1-2: Fly out, F5 (Popup, 56S, EV 75.0 MPH)
Batting: SHB Anjawon Padfield 0-0: Foul Ball, location: 7LSF
0-1: Called Strike
0-2: Ground out 6-3 (Groundball, P, EV 85.6 MPH)
Batting: RHB Cal Lewis 0-0: Ball
1-0: Foul Ball, location: 2F
1-1: Swinging Strike
1-2: Foul Ball, location: 9LMF
1-2: Foul Ball, location: 7LSF
1-2: Strikes out swinging
Bottom of the 4th over - 0 runs, 0 hits, 0 errors, 0 left on base; Kansas City 0 - Colorado 0
TOP OF THE 5TH
Kansas City Royals batting - Pitching for Colorado Rockies : LHP Iván Cruz
Batting: RHB Evan Dankowski 0-0: Ball
1-0: Ball
2-0: Called Strike
2-1: Called Strike
2-2: Strikes out looking
Batting: RHB Josef Horne 0-0: Ball
1-0: Ground out 6-3 (Groundball, 6, EV 81.3 MPH)
Batting: RHB Isiah Crudup 0-0: Ball
1-0: Ground out 4-3 (Groundball, 34, EV 94.4 MPH)
Top of the 5th over - 0 runs, 0 hits, 0 errors, 0 left on base; Kansas City 0 - Colorado 0
BOTTOM OF THE 5TH
Colorado Rockies batting - Pitching for Kansas City Royals : RHP E.J. Rombough
Pitching: RHP Murray Yallop
Now at 1B: Donato Dobbins
Now in RF: Lucas Hansen
Batting: RHB Vic Soler 0-0: Foul Ball, location: 2F
0-1: Ball
1-1: SINGLE (Line Drive, 34, EV 96.9 MPH)
Batting: RHB Henry Vandervort 0-0: Ball
Vic Soler steals 2nd, throwing error, E2
Vic Soler to third
1-0: Ball
2-0: Foul Ball, location: 2F
2-1: Ball
3-1: SINGLE (Line Drive, 56D, EV 99.4 MPH)
Vic Soler scores
Batting: RHB Jovanny Velasquez 0-0: Called Strike
0-1: Ball
1-1: Bunted foul
1-2: Grounds into double play, 6-4-3 (Groundball, 6, EV 86.9 MPH)
Batting: LHB Eric Ho 0-0: Ground out 5-3 (Groundball, 56, EV 98.8 MPH)
Bottom of the 5th over - 1 run, 2 hits, 1 error, 0 left on base; Kansas City 0 - Colorado 1
TOP OF THE 6TH
Kansas City Royals batting - Pitching for Colorado Rockies : LHP Iván Cruz
Now at C: José Carreon
Now at 1B: Chevy Morris
Now in RF: Wally Neff
Pinch Hitting: LHB Skyler Chara 0-0: Bunted foul
0-1: Ground out 4-3 (Groundball, 4, EV 90.6 MPH)
Pinch Hitting: RHB Aimar García 0-0: Called Strike
0-1: Swinging Strike
0-2: Strikes out swinging
Pinch Hitting: LHB Elijah Woods 0-0: Ball
1-0: Foul Ball, location: 2F
1-1: Called Strike
1-2: Ball
2-2: Ball
3-2: Foul Ball, location: 7LDF
3-2: Foul Ball, location: 23F
3-2: Fly out, F4 (Line Drive, 4M, EV 70.6 MPH)
Top of the 6th over - 0 runs, 0 hits, 0 errors, 0 left on base; Kansas City 0 - Colorado 1
BOTTOM OF THE 6TH
Colorado Rockies batting - Pitching for Kansas City Royals : RHP Murray Yallop
Pitching: RHP Fred Schacht
Now at C: Logan Lange
Now at 3B: Isiah Crudup
Now at SS: Aimar García
Now in LF: Elijah Woods
Now in CF: Skyler Chara
Batting: SHB Tony Strain 0-0: Called Strike
0-1: Ball
1-1: Ball
2-1: Foul Ball, location: 9LSF
2-2: Foul Ball, location: 2F
2-2: Ground out 4-3 (Groundball, 4, EV 81.3 MPH)
Batting: RHB Wally Neff 0-0: Called Strike
0-1: Ball
1-1: Swinging Strike
1-2: SINGLE (Line Drive, 89M, EV 95.6 MPH)
Batting: RHB Julián García 0-0: Fielders Choice at 2nd, 6-4 (Groundball, 6, EV 83.1 MPH)
Batting: SHB Anjawon Padfield 0-0: Foul Ball, location: 5F
0-1: Swinging Strike
0-2: Ball
1-2: Ball
2-2: Strikes out looking
Bottom of the 6th over - 0 runs, 1 hit, 0 errors, 1 left on base; Kansas City 0 - Colorado 1
TOP OF THE 7TH
Kansas City Royals batting - Pitching for Colorado Rockies : LHP Iván Cruz
Pitching: RHP Napoleon Palmer
Now at 3B: Tony Strain
Now at SS: Walt Melton
Batting: RHB Storm Ellis 0-0: Ball
1-0: Foul Ball, location: 2F
1-1: Foul Ball, location: 2F
1-2: Strikes out looking
Batting: RHB Lucas Hansen 0-0: Swinging Strike
0-1: Foul Ball, location: 2F
0-2: Foul Ball, location: 2F
0-2: SINGLE (Groundball, 6MD, EV 105.0 MPH)
Batting: RHB Donato Dobbins 0-0: Foul Ball, location: 2F
0-1: SINGLE (Line Drive, 6M, EV 98.1 MPH)
Lucas Hansen to second
Pinch Runner at 2nd Anastacio Bamba:
Batting: RHB Logan Lange 0-0: Ball
1-0: Ground out 5-3 (Groundball, 56, EV 84.4 MPH)
Anastacio Bamba to third
Donato Dobbins to second
Pinch Hitting: RHB Rey Rubio 0-0: Ball
1-0: Ball
2-0: Foul Ball, location: 9LDF
2-1: Swinging Strike
2-2: Ground out 6-3 (Groundball, 6, EV 104.4 MPH)
Top of the 7th over - 0 runs, 2 hits, 0 errors, 2 left on base; Kansas City 0 - Colorado 1
BOTTOM OF THE 7TH
Colorado Rockies batting - Pitching for Kansas City Royals : RHP Fred Schacht
Now at 2B: Rey Rubio
Now at 3B: Harry Rivea
Now in RF: Ashton Hamm
Batting: LHB Chevy Morris 0-0: Foul Ball, location: 2F
0-1: Foul Ball, location: 2F
0-2: Ball
1-2: Foul Ball, location: 2F
1-2: Ball
2-2: Ball
3-2: Foul Ball, location: 2F
3-2: SINGLE (Groundball, 23, EV 61.9 MPH) (infield hit)
Pinch Hitting: RHB Jayden McCracken 0-0: Called Strike
Pickoff Throw to First - Out! 1-3
0-1: SINGLE (Line Drive, 4D, EV 96.3 MPH)
Batting: RHB Walt Melton 0-0: Bunted foul
0-1: Sac Bunt to 2R - play at second, runner OUT! 2-6
Batting: SHB José Carreon 0-0: Ground out 6-3 (Groundball, P, EV 81.3 MPH)
Bottom of the 7th over - 0 runs, 2 hits, 0 errors, 1 left on base; Kansas City 0 - Colorado 1
TOP OF THE 8TH
Kansas City Royals batting - Pitching for Colorado Rockies : RHP Napoleon Palmer
Now at 2B: Jayden McCracken
Batting: RHB Ashton Hamm 0-0: SINGLE (Groundball, 34D, EV 102.5 MPH)
Batting: LHB Skyler Chara 0-0: Called Strike
0-1: Foul Ball, location: 2F
0-2: Ball
1-2: Ball
2-2: Foul Ball, location: 23F
2-2: Ball
3-2: Foul Ball, location: 5DF
3-2: Strikes out swinging
Batting: RHB Aimar García 0-0: Sac Bunt to 13S - play at first, batter OUT! 1-3
Ashton Hamm to second
Batting: LHB Elijah Woods 0-0: Ball
1-0: Foul Ball, location: 9LDF
1-1: Ball
2-1: Swinging Strike
2-2: Ball
3-2: Foul Ball, location: 3SF
3-2: Foul Ball, location: 2F
3-2: Strikes out swinging
Top of the 8th over - 0 runs, 1 hit, 0 errors, 1 left on base; Kansas City 0 - Colorado 1
BOTTOM OF THE 8TH
Colorado Rockies batting - Pitching for Kansas City Royals : RHP Fred Schacht
Pitching: LHP Dan Godwin
Batting: LHB Eric Ho 0-0: Ball
1-0: Ball
2-0: Called Strike
2-1: Ball
3-1: Base on Balls
Batting: SHB Tony Strain 0-0: Sac Bunt to 23 - play at first, batter OUT! 3-4
Eric Ho to second
Batting: RHB Wally Neff 0-0: Ball
1-0: Foul Ball, location: 5DF
1-1: Ball
2-1: Ground out 5-3 (Groundball, 56, EV 85.0 MPH)
Batting: RHB Julián García 0-0: Ball
1-0: Ground out 5-3 (Groundball, 56S, EV 85.6 MPH)
Bottom of the 8th over - 0 runs, 0 hits, 0 errors, 1 left on base; Kansas City 0 - Colorado 1
TOP OF THE 9TH
Kansas City Royals batting - Pitching for Colorado Rockies : RHP Napoleon Palmer
Pitching: LHP James Weeks
Batting: RHB Storm Ellis 0-0: Called Strike
0-1: Swinging Strike
0-2: Foul Ball, location: 5F
0-2: SINGLE (Groundball, 34D, EV 97.5 MPH)
Batting: RHB Harry Rivea 0-0: Ball
1-0: Fly out, F6 (Popup, P, EV 87.5 MPH)
Batting: RHB Donato Dobbins 0-0: Fly out, F8 (Flyball, 8LM, EV 86.9 MPH)
Batting: RHB Logan Lange 0-0: Ball
1-0: Foul Ball, location: 9LSF
1-1: Called Strike
1-2: Strikes out swinging
Top of the 9th over - 0 runs, 1 hit, 0 errors, 1 left on base; Kansas City 0 - Colorado 1
Sunday, May 19th , 2024 - OOTP Baseball 25.4 Build 64